 Dungeon Crawl Stone Soup version 0.29.1-1-gd02db6906a (webtiles) character file.

Game seed: 2636360240325646345

42 Zeld the Chopper (level 3, -1/33 HPs)
             Began as a Minotaur Berserker on Oct 20, 2022.
             Was a Believer of Trog.
             Slain by a goblin
             ... wielding a +0 club
             ... led by Robin
              (5 damage)
             ... on level 2 of the Dungeon.
             The game lasted 00:00:46 (1355 turns).

Zeld the Chopper (Minotaur Berserker)               Turns: 1355, Time: 00:00:46

Health: -1/33      AC:  2    Str: 23    XL:     3   Next: 33%
Magic:  2/2        EV: 12    Int:  4    God:    Trog [**....]
Gold:   60         SH:  0    Dex:  9    Spells: 2/2 levels left

rFire   . . .      SeeInvis .   a - +0 hand axe
rCold   . . .      Faith    .   (no shield)
rNeg    . . .      Spirit   .   b - +0 animal skin
rPois   .          Reflect  .   (helmet restricted)
rElec   .          Harm     .   (no cloak)
rCorr   .          Rampage  .   (no gloves)
Will    ++...                   (no boots)
Stlth   +.........              (no amulet)
HPRegen 1.11/turn               (no ring)
MPRegen 0.08/turn               (no ring)

@: strong-willed, regenerating
A: horns 2, retaliatory headbutt
a: Renounce Religion, Berserk, Trog's Hand


You were on level 2 of the Dungeon.
You worshipped Trog.
Trog was pleased with you.
You visited 1 branch of the dungeon, and saw 2 of its levels.

You collected 60 gold pieces.

Inventory:

Hand Weapons
 a - a +0 hand axe (weapon)
Armour
 b - a +0 animal skin (worn)
Scrolls
 c - a scroll of identify {unknown}
 d - a scroll of torment {unknown}
 g - a scroll of enchant weapon {unknown}
 i - 2 scrolls of magic mapping {unknown}
 j - a scroll of teleportation {unknown}
 k - a scroll of enchant armour {unknown}
Potions
 e - a potion of heal wounds {unknown}
 f - 3 potions of curing {unknown}
 h - a potion of brilliance {unknown}


   Skills:
 + Level 4.0 Fighting
 * Level 4.4 Axes
 + Level 3.0 Armour
 + Level 2.7 Dodging


You had 2 spell levels left.
You didn't know any spells.
Your spell library was empty.

Dungeon Overview and Level Annotations

Branches:
Dungeon (2/15)

Altars:

Annotations:
D:2 Robin


Innate Abilities, Weirdness & Mutations

You have a pair of horns on your head.
You reflexively headbutt those who attack you in melee.


Message History

The hobgoblin is moderately wounded.
You barely miss the goblin. You slash the goblin!
You kill the goblin!
Trog accepts your kill.
You miss the goblin. You barely miss the goblin.
A goblin comes into view. It is wielding a +0 club.
The goblin hits you with a +0 dagger.
The goblin hits you with a +1 dagger of electrocution.
The goblin hits you but does no damage. Robin throws the goblin at you!
The goblin hits you with a +0 dagger. The hobgoblin hits you.
The goblin barely misses you. The goblin hits you but does no damage.
The goblin hits you with a +1 dagger of electrocution.
You are too injured to fight recklessly!
Unknown command.
Unknown command.
You hit the goblin.
You kill the goblin!
Trog accepts your kill.
You completely miss the goblin. You barely miss the goblin.
You closely miss the goblin. x2; You hit the hobgoblin but do no damage.
The goblin misses you. You furiously retaliate!
You headbutt the goblin!
You kill the goblin!
Trog accepts your kill. The hobgoblin closely misses you.
The goblin hits you with a +0 club.
The goblin hits you with a +0 dagger. x2
* * * LOW HITPOINT WARNING * * *
Robin roars a battlecry!
The goblins go into a battle-frenzy!
Unknown command.
The goblin attacks as you move away! The goblin hits you with a +0 dagger.
* * * LOW HITPOINT WARNING * * *
The goblin attacks as you move away! The goblin hits you with a +0 club.
* * * LOW HITPOINT WARNING * * *
The hobgoblin barely misses you. The goblin barely misses you.
Things that are here:
a +1 dagger of electrocution; a goblin corpse Your skin crawls.
You feel strong-willed. The hobgoblin barely misses you.
The goblin hits you with a +0 club.
You die...

.#......###.#
.##...###...## #.
..#.###...†).###.#### ###
#####........##.....##...
#.# ..........#..w.......
..##..........##.........
...#.....⌠.....#..g......
...##..........##gg..g...
....#...........@ggg.....
....##........###g..?...?
.....#......### .g.......
.....##...### ..........
..... +.## #.....##...
....# ## ####### ## ..###
### #


You could see a worm, Robin, a hobgoblin (strong) and 7 goblins.

Vanquished Creatures
  A worm (D:2)
  A dart slug (D:1)
  3 ball pythons
  2 endoplasms (D:2)
  3 giant cockroaches
  7 goblins
  3 hobgoblins (D:1)
  2 jackals (D:1)
  4 bats
  A frilled lizard (D:1)
  3 kobolds
  3 rats
33 creatures vanquished.

Notes
Turn   | Place    | Note
-------+----------+-------------------------------------------
     0 | D:1      | Zeld the Minotaur Berserker began the quest for the Orb.
     0 | D:1      | Reached XP level 1. HP: 19/19 MP: 0/0
   217 | D:1      | Reached XP level 2. HP: 15/27 MP: 1/1
  1214 | D:2      | Reached ** piety under Trog
  1215 | D:2      | Reached XP level 3. HP: 33/33 MP: 2/2
  1348 | D:2      | Identified the +1 helmet of Dun Xaxi {Regen+ Str+3 Int+3}
  1348 | D:2      | Noticed Robin
  1355 | D:2      | Slain by a goblin

Illustrated notes

Levels and vault maps discovered:
D:1:      dpeg_arrival_court, layout_basic
D:2:      minmay_skewed_foursquare, layout_rooms,
          hellmonk_ecumenical_altar_heavens_door, st_stairs_4,
          minmay_crystal_room, uniq_robin, uniq_natasha

Skill      XL: |  1  2  3 |
---------------+----------+-----
Axes           | 4 |  4.4
Fighting       | 4 |  4.0
Armour         | 3 |  3.0
Dodging        | |  2.7

Action                   || total
-------------------------++-------
Melee: Hand axe          ||    61
       Headbutt          ||     8
Invok: Trog's Hand       ||     1
 Stab: Sleeping          ||     1
Armor: Animal skin       ||    11
Dodge: Dodged            ||    47
